[Event "Charlotte Open 2024"]
[Site "Charlotte"]
[Date "2024.01.15"]
[Round "6.4"]
[White "Titus, Andrew"]
[Black "Sadorra, Julio Catalino"]
[Result "0-1"]
[ECO "B15"]
[WhiteElo "2202"]
[BlackElo "2554"]
[Annotator "TA"]
[PlyCount "56"]
[EventDate "2024.01.05"]
[EventType "swiss"]
[EventCountry "USA"]
[SourceTitle "playchess.com"]
[Source "ChessBase"]
[SourceQuality "1"]
[TimeControl "6600+10"]

1. e4 c6 2. d4 d5 3. Nd2 dxe4 4. Nxe4 Nf6 5. Nxf6+ exf6 6. c3 Bd6 7. Bd3 O-O 8. Qc2 Re8+ {[%emt 0:00:40] B15: Caro-Kann: 3 Nc3: 3...g6 and 3...dxe4 4 Nxe4 Nf6 5 Nxf6+ exf6.} 9. Ne2 h5 10. O-O h4 {[%emt 0:00:09] White is slightly better.} 11. h3 Nd7 12. c4 Nf8 {[%emt 0:00:27] [#]} 13. f4 $146 {[%emt 0:00:00] [#]} (13. Be3 $14) ({Predecessor:} 13. Be3 Be6 14. Rad1 Rc8 15. Bf4 Ng6 16. Bxd6 Qxd6 17. Rfe1 Rcd8 18. d5 cxd5 19. Bxg6 fxg6 20. Qxg6 {0-1 Quparadze,G (2491)-Gukesh,D (2720) Wch Rapid Samarkand 2023 (13)}) 13... f5 $1 $11 14. Bd2 (14. Rf3 g6) 14... Ne6 15. Bxf5 Nxd4 $1 {[%emt 0:01:35][%mdl 64] Discovered Attack, Remove Defender} 16. Nxd4 Bc5 $1 17. Bxc8 Qxd4+ (17... Rxc8 {simplifies} 18. Bc3 Bxd4+ 19. Kh1 c5) 18. Kh1 Raxc8 19. Bc3 (19. Rae1 $15) 19... Qxc4 $17 20. b3 Qe4 21. Qd1 Qf5 {[%emt 0:01:18] Wards off Qh5. Black is more active.} 22. Be5 (22. Qg4 $17 Qxg4 23. hxg4) 22... f6 23. Qc1 $2 (23. b4 {was the crucial defense.}) 23... Bb6 $19 ({Weaker is} 23... fxe5 24. Qxc5 b6 25. Qc4+ Qe6 26. Qe4 $11) 24. Qc4+ Kh7 25. Bc3 (25. Rae1 $142 fxe5 26. fxe5) 25... Re3 26. Kh2 Rce8 27. Bd2 R8e4 {[%emt 0:02:40] ( -> ...Rxh3+)} 28. Qc1 {[%emt 0:00:00] [#]} Rxh3+ $3 {[%emt 0:00:28][%mdl 512] An entertaining game by Sadorra.   Weighted Error Value: White=1.04/Black=0.13 (very precise)} 0-1

[Event "Charlotte Open 2024"]
[Site "Charlotte"]
[Date "2024.01.16"]
[Round "6.5"]
[White "Foisor, Sabina-Francesca"]
[Black "Cruz, Cristhian"]
[Result "0-1"]
[ECO "E16"]
[WhiteElo "2200"]
[BlackElo "2498"]
[Annotator "TA"]
[PlyCount "142"]
[EventDate "2024.01.05"]
[EventType "swiss"]
[EventCountry "USA"]
[SourceTitle "playchess.com"]
[Source "ChessBase"]
[SourceQuality "1"]
[TimeControl "6600+10"]

1. d4 e6 2. Nf3 Nf6 3. c4 Bb4+ 4. Nbd2 a5 5. g3 b6 6. Bg2 Bb7 7. O-O O-O 8. Qc2 {[%emt 0:03:30] E16: Queen's Indian: 4 g3 Bb7 5 Bg2 Bb4+.} d5 9. Rd1 {[%emt 0:05:00] [#]} Qe7 $146 ({Predecessor:} 9... Be7 10. Ne5 c5 11. cxd5 exd5 12. Ndc4 cxd4 13. Rxd4 Bc5 14. Rd1 Qe7 15. Bg5 dxc4 16. Bxf6 Qxf6 17. Bxb7 Bxf2+ {0-1 Minko,V (2381)-Malakhatko,V (2542) Wch Rapid Riadh 2017 (11)}) 10. Nf1 {[%emt 0:12:14] White has an edge.} dxc4 11. a3 Bd6 12. Bg5 Nbd7 13. Qxc4 h6 14. Bf4 Bxf4 15. gxf4 c5 16. Ng3 Rac8 17. Ne5 Bxg2 18. Kxg2 Nd5 19. e3 cxd4 20. Qxd4 Nc5 {[%emt 0:00:00] And now ...Nb3 would win.} 21. Rab1 Rfd8 22. Kg1 {[%emt 0:02:50] [#]} Nb4 $1 23. Qc4 $15 {[%emt 0:01:36] [#]} Ncd3 24. Qe4 f5 (24... Nxe5 {simplifies} 25. fxe5 Nd5 26. Rbc1 b5) 25. Qg2 Nxe5 26. Rxd8+ (26. axb4 $11 {remains equal.} Nc4 27. Rxd8+ Rxd8 28. bxa5) 26... Rxd8 27. axb4 Ng4 {[%emt 0:00:00] Black is more active.} (27... Nd3 $15 28. bxa5 bxa5) 28. h3 Nf6 29. Qc6 axb4 30. Qxb6 Kh7 31. Ra1 Nd5 32. Qc6 Rd6 33. Qa8 Rd8 34. Qc6 Qd6 (34... Rd6 $11 35. Qc8 Rd8 36. Qc6) 35. Qc4 (35. Ra6 $1 $14 Qxc6 36. Rxc6) 35... Qd7 (35... Ne7 $1 $15) 36. Qd4 Qf7 37. Kh2 Qf6 38. Ne2 Qxd4 39. Nxd4 {[%emt 0:00:13] [#]} Nxf4 $11 {[%emt 0:00:08][%mdl 4160] Endgame Deflection. KRN-KRN} 40. Ra7 (40. Ra6 Nd3) 40... Rd6 {[%emt 0:00:07] With the idea ...Nd3.} 41. Re7 Kg6 42. Nb5 $1 Rb6 43. exf4 {[%emt 0:00:02] Nc7 would be deadly.} Rxb5 44. Rxe6+ {[%emt 0:00:01] KR-KR} Kf7 45. Ra6 Rc5 (45... Rd5 $5 ) 46. Rb6 Rc4 47. Kg3 Rd4 48. f3 Ke7 49. b3 Kf7 50. Rb5 Ke6 51. Re5+ Kf6 {[%emt 0:00:12] White must now prevent ...Rd3.} 52. Rb5 g5 53. Rb6+ Kg7 54. fxg5 hxg5 55. Kf2 Rd2+ 56. Ke3 Rh2 57. Rxb4 Rxh3 58. Kf2 Rh2+ 59. Kg3 Rd2 60. Rb8 Rd3 {[%emt 0:00:00] aiming for ...g4.} 61. Kf2 Kf6 62. b4 Rb3 63. b5 Ke5 {[%emt 0:00:08] ...Kf4 is the strong threat.} 64. Kg3 $2 {[%emt 0:00:24] [#] Loses the game.} (64. Ra8 $15) 64... g4 $1 $19 65. b6 $2 (65. Re8+ $19 Kf6 66. Rf8+ Kg6 67. Rg8+ Kf7 68. Rc8 Rxf3+ 69. Kh4) 65... Rxf3+ 66. Kh4 Kf4 {[%emt 0:00:05][%csl Gg4][%cal Rf3h3] Black mates.} 67. Kh5 Rh3+ 68. Kg6 Rb3 69. b7 g3 70. Rf8 Rxb7 71. Rxf5+ Ke3 {[%emt 0:00:08] Weighted Error Value: White=0.10 (very precise) /Black=0.09 (flawless)} 0-1

[Event "Charlotte Open 2024"]
[Site "Charlotte"]
[Date "2024.01.16"]
[Round "6.6"]
[White "Horobetz, Graham"]
[Black "Kraai, Jesse"]
[Result "0-1"]
[ECO "C07"]
[WhiteElo "2249"]
[BlackElo "2375"]
[Annotator "TA"]
[PlyCount "122"]
[EventDate "2024.01.05"]
[EventType "swiss"]
[EventCountry "USA"]
[SourceTitle "playchess.com"]
[Source "ChessBase"]
[SourceQuality "1"]
[TimeControl "6600+10"]

1. e4 e6 2. d4 d5 3. Nd2 c5 4. exd5 Qxd5 5. Ngf3 cxd4 6. Bc4 Qd7 {[%emt 0:00:06] C07: French Tarrasch: 3...c5, 4 Ngf3 and 4 exd5 Qxd5.} 7. Nb3 Bb4+ 8. Bd2 Bxd2+ {[%emt 0:00:07] The position is equal.} 9. Qxd2 Nf6 {[%emt 0:00:49] [#]} 10. Ne5 $146 {[%emt 0:04:55][%mdl 64] Deflection} ({Predecessor:} 10. Nbxd4 O-O 11. O-O Qc7 12. Qe2 a6 13. Rad1 b5 14. Bb3 Bb7 15. Ne5 Bd5 16. c4 bxc4 17. Bxc4 {0-1 Shahade,G (2476)-Holt,C (2549) Titled Tuesday intern op 26th Jan blitz 2021 (8)}) 10... Qc7 11. Bb5+ Bd7 12. Nxd7 Nbxd7 13. Qxd4 O-O 14. O-O Rfd8 15. Rac1 Ne5 16. Qf4 Rac8 17. Rfd1 Nd5 18. Qg3 h6 (18... Nc4 {simplifies} 19. Qxc7 Rxc7 20. Bxc4 Rxc4 21. c3 Rcc8) 19. Rd4 a6 20. Bf1 Nc6 {[%emt 0:00:40] A dynamic duo of knights.} 21. Qxc7 Rxc7 22. Rdd1 Rdc8 23. c3 Ne5 24. g3 Nb6 25. Rc2 Na4 26. f4 Ng4 {[%emt 0:03:28] Strongly threatening ...Ne3.} 27. Re2 {[%emt 0:06:10] Against Ne3} Kf8 28. h3 Nf6 29. Bg2 Nd7 30. Red2 Ndc5 31. Nxc5 Nxc5 32. c4 Ke7 33. b4 Na4 34. c5 b6 35. cxb6 Nxb6 36. Rd6 (36. f5 $11) 36... Rc1 $1 $17 37. Bf1 (37. R6d2 $142) 37... Nd5 38. Rxc1 Rxc1 39. Rxa6 {[%emt 0:00:07][%mdl 4096] Endgame [#] KRB-KRN} Ne3 $1 {[%emt 0:00:08] Black is more active.} ({Inferior is} 39... Nxb4 40. Ra7+ Kf6 41. a4 $15) 40. Kf2 Nxf1 {[%emt 0:00:25] KRN-KR} 41. Ra7+ Kf6 {[%emt 0:01:19] aiming for ...Nd2.} 42. Rd7 {[%emt 0:00:13] Prevents Nd2} (42. b5 $17) 42... Nh2 (42... g5 $19 {...Nh2 would be deadly.} 43. b5 Nh2) 43. Rd2 Rc3 {[%emt 0:00:19] Hoping for ...Nf3.} 44. Rb2 {[%emt 0:04:27] Now White is beyond hope.} (44. b5 $1 $15) 44... Nf3 {[%emt 0:00:35][%cal Bh2f3,Bf3d4,Bd4b3][%mdl 32] And now ...Ke7 would win.} 45. b5 Nd4 {[%emt 0:00:13] White must now prevent ...Ke7.} 46. a4 $2 (46. b6 {might work better.}) 46... Rf3+ $19 47. Kg2 {[%emt 0:03:12] [#]} Rb3 $1 48. Rxb3 (48. Ra2) 48... Nxb3 {[%emt 0:00:07] KN-KP} 49. Kf3 Ke7 50. g4 Kd6 51. h4 f5 {[%emt 0:00:40] ( -> ...Kc5)} 52. gxf5 exf5 {[%emt 0:00:04] Black mates.} 53. Ke2 Kd5 54. Ke3 Kc4 55. h5 Kd5 56. b6 Kc6 57. a5 Nxa5 58. Kd4 Kd6 ({Weaker is} 58... Kxb6 59. Ke5 $11) 59. Kc3 Kc5 60. Kd3 Nb7 61. Kc3 Nd6 {[%emt 0:00:22] Weighted Error Value: White=0.53/Black=0.07 (flawless)} 0-1

[Event "Charlotte Open 2024"]
[Site "Charlotte"]
[Date "2024.01.16"]
[Round "6.7"]
[White "Zapata, Alonso"]
[Black "Peatman, Carter"]
[Result "1-0"]
[ECO "B13"]
[WhiteElo "2313"]
[BlackElo "2022"]
[Annotator "TA"]
[PlyCount "197"]
[EventDate "2024.01.05"]
[EventType "swiss"]
[EventCountry "USA"]
[SourceTitle "playchess.com"]
[Source "ChessBase"]
[SourceQuality "1"]
[TimeControl "6600+10"]

1. e4 c6 2. d4 d5 3. exd5 cxd5 4. Bd3 Nc6 5. c3 Nf6 6. Bf4 g6 7. Nd2 Bf5 {[%emt 0:00:42] is more profitable than 7...Bg7 at the moment. B13: Caro-Kann: Exchange Variation and Panov-Botvinnik Attack.} 8. Bxf5 gxf5 9. Ne2 e6 {[%emt 0:01:47] White has an edge.} 10. Nf3 Ne4 11. O-O Bd6 {[%emt 0:06:55] [#]} 12. Qc1 $146 ({Predecessor:} 12. a4 Rg8 13. Qc1 Bxf4 14. Nxf4 Rc8 15. Qe3 Qd6 16. Nd3 Rc7 17. Rae1 Kd8 18. Re2 {1-0 Melkumyan,H (2633)-Omar,N (2364) Wch Rapid Riadh 2017 (3)}) 12... Qc7 13. Bxd6 Qxd6 14. Qf4 O-O-O 15. Qxd6 Nxd6 16. Nf4 Rhg8 17. Rfe1 Kb8 18. Kf1 Ne4 19. Re2 h6 20. Ne1 h5 21. Ned3 (21. f3 $14) 21... h4 $1 $11 22. f3 Nd6 23. Rd1 Rh8 24. Ke1 Rdg8 25. Kd2 Nc4+ 26. Kc1 Kc7 27. b3 Nd6 28. Kb2 Kb8 29. a4 Rd8 30. Ne5 Nxe5 31. dxe5 Nc8 32. Nh3 Rdg8 33. Nf4 Rd8 34. Red2 Kc7 35. Nh3 Rhg8 36. Re2 Rg7 37. Rd4 Rh8 38. c4 Ne7 39. Rc2 ({White should play} 39. cxd5 $11 Nxd5 40. Nf4) 39... Kb8 (39... dxc4 $1 $15 40. Rdxc4+ (40. Rcxc4+ Nc6 $11) 40... Kb8) 40. f4 (40. cxd5 $11 Nxd5 41. Nf4) 40... Rg4 ({Black should try} 40... dxc4 $17 41. bxc4 Nc6) 41. Ng5 $1 Nc6 42. Rdd2 dxc4 43. Nxf7 Rf8 44. Ng5 Nxe5 {[%emt 0:00:28][%mdl 64] [#] ...Nd3+ would be deadly. Deflection} 45. Nxe6 Nd3+ (45... Re8 $5 ) 46. Ka3 $1 Re8 47. Rxc4 (47. bxc4 $2 {is the wrong capture.} Ne1 48. Nc5 Nxc2+ 49. Rxc2 Kc7 $19) 47... Rxe6 (47... b5 $11 48. axb5 Rxe6) 48. Rxd3 {[%emt 0:00:01][%cal Rd3d8][%mdl 4096] Endgame KRR-KRR} a6 49. a5 b5 (49... Rxg2 {gets mated.} 50. Rd8+ Ka7 51. Rcc8) (49... Re8 $16 {was necessary.}) 50. axb6 $2 ({Better is} 50. Rd8+ $18 Kb7 51. Rd7+ Kb8 52. Rc5) 50... Rxg2 $14 51. Rc7 $1 Rxb6 52. Rh7 (52. Rf7 $5 Rc6 53. Rh3 $16 (53. Rxf5 Rxh2 54. Rh5 Kc7 $11)) 52... Rb7 53. Rxh4 Rf2 $1 54. Rh6 Rxf4 55. Rxa6 Rh4 56. Rd8+ Kc7 57. Rf8 Rb5 58. Rf7+ Kb8 59. Re6 Ra5+ 60. Kb2 Rc5 61. Re8+ Rc8 62. Ree7 Rxh2+ 63. Ka3 Rc6 64. Rf8+ Rc8 65. Rxf5 Rc6 66. Rf8+ $1 Rc8 67. Rff7 {[%emt 0:00:00] White wants to mate with Rb7+.} Rc6 68. Re8+ Rc8 69. Re4 Rc6 70. Rb4+ Kc8 71. Ra4 Rc7 72. Rf8+ Kd7 73. Rf7+ Kc8 74. Ra8+ Kb7 75. Rff8 Rh4 76. Rfb8+ Kc6 77. Ra6+ Kd7 78. Rg8 Rh1 {[%emt 0:00:16] And now ...Ra1+ would win.} 79. Ka4 {[%emt 0:00:54] b4 is the strong threat.} Ra1+ 80. Kb5 {[%emt 0:01:07] Intending Rg7+ and mate.} Rxa6 81. Kxa6 $11 {[%emt 0:00:00] White threatens Rg7+ and mate. KR-KR} Rc3 82. b4 {[%emt 0:00:00][%cal Bb3b4,Bb4b5,Bb5b6,Bb6b7][%mdl 32] b5 would kill now.} Kc7 83. Rg7+ Kc8 $2 {[%emt 0:00:08][%mdl 8192] Loses the game.} (83... Kb8 $14) 84. Kb6 {[%emt 0:00:00] White mates.} Rh3 85. Rg8+ Kd7 86. b5 Rb3 87. Ra8 Rb1 88. Rh8 Rb2 89. Rh5 Ra2 90. Kb7 Ra3 91. b6 Kd8 92. Rd5+ Ke7 93. Kb8 Ke6 94. Rd4 Rb3 95. b7 Ke7 96. Kc7 Rc3+ {[%emt 0:00:02] [#]} 97. Kb6 $1 Rb3+ 98. Kc6 Ke8 99. Rd5 {[%emt 0:00:02] Weighted Error Value: White=0.14 (very precise) /Black=0.12 (very precise)} 1-0

[Event "Charlotte Open 2024"]
[Site "Charlotte"]
[Date "2024.01.16"]
[Round "6.8"]
[White "Fox, William Daniel"]
[Black "Belenkaya, Dina"]
[Result "1/2-1/2"]
[ECO "D24"]
[WhiteElo "1908"]
[BlackElo "2202"]
[Annotator "NA RC"]
[PlyCount "175"]
[EventDate "2024.01.05"]
[EventType "swiss"]
[EventCountry "USA"]
[SourceTitle "playchess.com"]
[Source "ChessBase"]
[SourceQuality "1"]
[TimeControl "6600+10"]

1. d4 d5 2. c4 dxc4 3. e3 Nf6 4. Bxc4 a6 5. a4 Nc6 6. Nf3 Bg4 7. O-O e6 8. h3 Bh5 9. Nc3 Bd6 10. d5 Ne5 11. Be2 Nxf3+ 12. Bxf3 Bxf3 13. Qxf3 exd5 14. Rd1 c6 15. e4 dxe4 16. Nxe4 Nxe4 17. Bf4 f5 18. Bxd6 Nxd6 19. Qg3 O-O 20. Rxd6 Qc7 21. Rad1 Rae8 22. h4 f4 23. Qc3 Qf7 24. Qb4 f3 25. Rd7 Qg6 26. Qc4+ Kh8 27. g3 b5 28. axb5 axb5 29. Qc5 h6 30. R7d6 Rf6 31. Qxc6 Rxd6 32. Rxd6 Re1+ 33. Kh2 Qf5 34. Rd8+ Kh7 35. Qc8 Qxc8 36. Rxc8 Re2 37. g4 Rxf2+ 38. Kg3 Rxb2 39. Kxf3 b4 40. Rb8 b3 41. Rb7 Rb1 42. Kg2 Kg6 43. Rb6+ Kf7 44. Rb7+ Kf6 45. Rb6+ Ke5 46. Rb4 Kd5 47. Rb7 Rb2+ 48. Kg3 Rb1 49. Kg2 Kc6 50. Rb8 Kc7 51. Rb4 Rb2+ 52. Kg3 Kc6 53. Rb8 Kc5 54. Rb7 Rb1 55. Kg2 g6 56. Rb8 Kc4 57. Rc8+ Kd3 58. Rb8 Ke3 59. Rb6 Kd3 60. Rb7 Rb2+ 61. Kg3 Kc2 62. Rc7+ Kd1 63. Rb7 Ke1 64. Rb6 Kf1 65. Rxg6 Rg2+ 66. Kh3 b2 67. Rf6+ Rf2 68. Rb6 Rf3+ 69. Kh2 Rf2+ 70. Kg3 Ke1 71. g5 h5 72. g6 Rf6 73. Rxb2 Rxg6+ 74. Kh3 Kf1 75. Rb1+ Kf2 76. Rb2+ Kf3 77. Rb3+ Kf4 78. Rb4+ Kf5 79. Rb5+ Kf6 80. Rb6+ Kg7 81. Rxg6+ Kxg6 82. Kh2 Kf5 83. Kh1 Kg4 84. Kg1 Kg3 85. Kh1 Kh3 86. Kg1 Kg3 87. Kh1 Kh3 88. Kg1 1/2-1/2

[Event "Charlotte Open 2024"]
[Site "Charlotte"]
[Date "2024.01.16"]
[Round "6.9"]
[White "Botez, Andrea"]
[Black "Daniels, Noah M"]
[Result "1/2-1/2"]
[ECO "D00"]
[WhiteElo "1709"]
[BlackElo "1764"]
[Annotator "NA RC"]
[PlyCount "83"]
[EventDate "2024.01.05"]
[EventType "swiss"]
[EventCountry "USA"]
[SourceTitle "playchess.com"]
[Source "ChessBase"]
[SourceQuality "1"]
[TimeControl "6600+10"]

1. d4 d5 2. Nc3 c6 3. Bf4 Nf6 4. e3 Bf5 5. Bd3 Bxd3 6. Qxd3 e6 7. Nf3 Bd6 8. O-O Qc7 9. Bxd6 Qxd6 10. e4 dxe4 11. Nxe4 Nxe4 12. Qxe4 Nd7 13. Rad1 O-O 14. c4 Rad8 15. Rfe1 Nf6 16. Qe5 Qxe5 17. dxe5 Nd7 18. Kf1 Rfe8 19. Nd4 Nb6 20. b3 Rd7 21. Ke2 Red8 22. Nf3 Kf8 23. Ng5 Ke7 24. f4 Rxd1 25. Rxd1 Rxd1 26. Kxd1 h6 27. Ne4 Nc8 28. c5 Kd7 29. Nd6 b6 30. Nxc8 Kxc8 31. cxb6 axb6 32. Kd2 Kb7 33. Kc3 Ka6 34. Kc4 Ka5 35. a4 h5 36. g3 g6 37. h3 c5 38. g4 h4 39. g5 Ka6 40. b4 cxb4 41. Kxb4 Kb7 42. Kc3 1/2-1/2

[Event "Charlotte Open 2024"]
[Site "Charlotte"]
[Date "2024.01.16"]
[Round "6.11"]
[White "Rutten, Alexander"]
[Black "Vanapalli, Vishnu"]
[Result "0-1"]
[ECO "C77"]
[WhiteElo "2142"]
[BlackElo "2276"]
[Annotator "NA RC"]
[PlyCount "80"]
[EventDate "2024.01.05"]
[EventType "swiss"]
[EventCountry "USA"]
[SourceTitle "playchess.com"]
[Source "ChessBase"]
[SourceQuality "1"]
[TimeControl "6600+10"]

1. e4 e5 2. Nf3 Nc6 3. Bb5 a6 4. Ba4 Nf6 5. Qe2 b5 6. Bb3 Bc5 7. c3 d6 8. O-O O-O 9. Rd1 Re8 10. d3 h6 11. h3 Bb6 12. Nbd2 Ne7 13. Nf1 Ng6 14. a4 Rb8 15. axb5 axb5 16. Be3 c5 17. c4 Nh5 18. N1h2 Nhf4 19. Qd2 f5 20. cxb5+ Kh7 21. Bc4 Nxh3+ 22. gxh3 f4 23. Bxc5 Bxc5 24. Kf1 Bxh3+ 25. Ke2 Be6 26. Qc2 Qd7 27. Nf1 Bg4 28. N1d2 Nh4 29. Rh1 g5 30. Rag1 Bb4 31. Rxh4 gxh4 32. Rh1 h3 33. Nf1 Re7 34. N1h2 Bh5 35. Ra1 Rg7 36. Qb3 Bc5 37. Be6 Qxb5 38. Qxb5 Rxb5 39. b3 Rg2 40. Bf5+ Kg7 0-1

[Event "Charlotte Open 2024"]
[Site "Charlotte"]
[Date "2024.01.16"]
[Round "6.12"]
[White "Wofford, Matthew"]
[Black "Kogen, Jonathan"]
[Result "1/2-1/2"]
[ECO "B66"]
[WhiteElo "1993"]
[BlackElo "2220"]
[Annotator "RC"]
[PlyCount "63"]
[EventDate "2024.01.05"]
[EventType "swiss"]
[EventCountry "USA"]
[SourceTitle "playchess.com"]
[Source "ChessBase"]
[SourceQuality "1"]
[TimeControl "6600+10"]

1. e4 c5 2. Nf3 d6 3. d4 cxd4 4. Nxd4 Nf6 5. Nc3 Nc6 6. Bg5 e6 7. Qd2 Qb6 8. Nb3 a6 9. O-O-O Qc7 10. f3 Rb8 11. g4 b5 12. Bf4 Ne5 13. Be2 Nc4 14. Bxc4 bxc4 15. e5 Nd7 16. exd6 Qb7 17. Rhe1 cxb3 18. axb3 g6 19. Qd4 Qb4 20. Qxh8 Qxf4+ 21. Kb1 Bb7 22. h4 Bxf3 23. Rf1 Qxg4 24. Rd3 Be2 25. Nxe2 Qxe2 26. Rdf3 Ne5 27. R3f2 Qe3 28. Rxf7 Nxf7 29. d7+ Kxd7 30. Rxf7+ Kc6 31. Rxf8 Qe1+ 32. Ka2 1/2-1/2

[Event "Charlotte Open 2024"]
[Site "Charlotte"]
[Date "2024.01.15"]
[Round "6.13"]
[White "Karthik, Advaith"]
[Black "Vigorito, David"]
[Result "0-1"]
[ECO "E92"]
[WhiteElo "2124"]
[BlackElo "2256"]
[Annotator "RC"]
[PlyCount "86"]
[EventDate "2024.01.05"]
[EventType "swiss"]
[EventCountry "USA"]
[SourceTitle "playchess.com"]
[Source "ChessBase"]
[SourceQuality "1"]
[TimeControl "6600+10"]

1. d4 Nf6 2. c4 g6 3. Nc3 Bg7 4. e4 d6 5. Nf3 O-O 6. Be2 e5 7. Be3 Ng4 8. Bg5 f6 9. Bh4 Nc6 10. d5 Ne7 11. Nd2 h5 12. Bxg4 hxg4 13. f3 gxf3 14. gxf3 Bh6 15. Qe2 c6 16. Bf2 Kg7 17. O-O-O Bh3 18. Kb1 c5 19. Be3 Rh8 20. Rdg1 Qd7 21. Nd1 f5 22. Bxh6+ Rxh6 23. Nf2 f4 24. Nxh3 Rxh3 25. Rg4 Rah8 26. Nb3 a6 27. Rg2 b5 28. Nd2 Kf7 29. Rhg1 R8h6 30. Ka1 Qe8 31. Kb1 b4 32. Ka1 a5 33. Kb1 a4 34. Ka1 Qh8 35. Nf1 Qa8 36. Nd2 a3 37. b3 Qh8 38. Nf1 R6h4 39. Rg4 Qh5 40. Kb1 Rxg4 41. Rxg4 Ng8 42. Qg2 Nf6 43. Rxg6 Qxf3 0-1

[Event "Charlotte Open 2024"]
[Site "Charlotte"]
[Date "2024.01.15"]
[Round "6.14"]
[White "Ligotti, John J"]
[Black "Jiang, Andrew"]
[Result "0-1"]
[ECO "D11"]
[WhiteElo "1864"]
[BlackElo "2213"]
[Annotator "RC"]
[PlyCount "86"]
[EventDate "2024.01.05"]
[EventType "swiss"]
[EventCountry "USA"]
[SourceTitle "playchess.com"]
[Source "ChessBase"]
[SourceQuality "1"]
[TimeControl "6600+10"]

1. d4 d5 2. Nf3 Nf6 3. g3 Bf5 4. Bg2 e6 5. c4 c6 6. Nc3 Be7 7. Qb3 Qb6 8. c5 Qxb3 9. axb3 O-O 10. h3 h6 11. g4 Bh7 12. Bf4 Nbd7 13. b4 Ne4 14. O-O a6 15. e3 Bf6 16. Nxe4 Bxe4 17. Bd6 Bxf3 18. Bxf3 Rfe8 19. Rad1 e5 20. dxe5 Bxe5 21. Bxe5 Nxe5 22. Be2 Re7 23. Rd4 Rae8 24. Kg2 Ng6 25. Rfd1 Nf8 26. Bf3 Ne6 27. R4d2 g6 28. Kh2 Rd7 29. Kg3 f5 30. e4 fxe4 31. Bxe4 Kg7 32. Bg2 Ng5 33. h4 Ne4+ 34. Bxe4 Rxe4 35. Rd4 Rde7 36. R1d3 Rxd4 37. Rxd4 g5 38. hxg5 hxg5 39. b3 Kf6 40. Kf3 Re1 41. Kg3 Ke5 42. Rd3 Ke4 43. Rf3 Rg1+ 0-1

[Event "Charlotte Open 2024"]
[Site "Charlotte"]
[Date "2024.01.16"]
[Round "6.15"]
[White "King, Alexander"]
[Black "Brady, Tyson"]
[Result "1/2-1/2"]
[ECO "E63"]
[WhiteElo "2302"]
[BlackElo "2063"]
[Annotator "RC"]
[PlyCount "80"]
[EventDate "2024.01.05"]
[EventType "swiss"]
[EventCountry "USA"]
[SourceTitle "playchess.com"]
[Source "ChessBase"]
[SourceQuality "1"]
[TimeControl "6600+10"]

1. d4 Nf6 2. Nf3 g6 3. g3 Bg7 4. Bg2 O-O 5. O-O d6 6. c4 Nc6 7. b3 a6 8. Nc3 Rb8 9. d5 Na5 10. Bg5 c5 11. dxc6 Nxc6 12. Rc1 Bd7 13. Nd5 Nxd5 14. cxd5 Nb4 15. Qd2 a5 16. Rc4 Re8 17. Bh6 Bf6 18. a3 Na6 19. Ng5 Rc8 20. Rfc1 Qb6 21. h4 Nc5 22. Ne4 Nxe4 23. Bxe4 Rxc4 24. Rxc4 Bb5 25. Rc2 a4 26. Be3 Qd8 27. b4 Qb8 28. Qc1 Bd7 29. h5 Rc8 30. h6 Rxc2 31. Qxc2 Qc8 32. Qxc8+ Bxc8 33. Bc1 Bf5 34. Bf3 b5 35. e4 Bd7 36. Be2 Bd4 37. Kg2 f6 38. f4 Kf7 39. g4 g5 40. f5 Ke8 1/2-1/2

[Event "Charlotte Open 2024"]
[Site "Charlotte"]
[Date "2024.01.15"]
[Round "6.16"]
[White "Myers, Dominique"]
[Black "Abrahamyan, Tatev"]
[Result "0-1"]
[ECO "C02"]
[WhiteElo "2028"]
[BlackElo "2311"]
[Annotator "TA"]
[PlyCount "76"]
[EventDate "2024.01.05"]
[EventType "swiss"]
[EventCountry "USA"]
[SourceTitle "playchess.com"]
[Source "ChessBase"]
[SourceQuality "1"]
[TimeControl "6600+10"]

1. e4 e6 2. d4 d5 3. e5 c5 4. c3 Nc6 5. Nf3 Bd7 6. Be2 f6 7. O-O fxe5 8. Nxe5 Nxe5 9. dxe5 Qc7 10. Re1 {[%emt 0:07:16] now scores much better than the old 10.c4.} (10. c4 $5 ) 10... O-O-O {[%emt 0:00:20] C02: French: Advance Variation.} 11. Bf4 Ne7 {[%emt 0:02:13] [#]} 12. Bg3 $146 (12. c4 $11) ({Predecessor:} 12. a4 Ng6 13. Bg3 Nxe5 14. Na3 Bd6 15. Nb5 Bxb5 16. axb5 b6 17. Bg4 Nxg4 {½-½ Macias Pino,D (2439)-Cheng,B (2580) Barcelona Sants op 24th 2023 (4)}) 12... Nf5 $17 {[%emt 0:03:14] Black is better.} 13. Bf4 Be7 14. h3 Rdf8 15. Bh2 c4 16. Nd2 Bc5 {[%emt 0:00:32][%cal Oc5f2] Black is more active.} (16... Qb6 {seems wilder.} 17. Bf3 Nh4 18. b3 Bg5) 17. Nf3 $2 {[%emt 0:00:55] [#]} (17. Rf1 $1 $15) 17... Bxf2+ $1 $19 {[%emt 0:02:45][%mdl 576] Double Attack} 18. Kh1 (18. Kxf2 $2 {perishes.} Qb6+ $19) 18... Bxe1 19. Qxe1 Rhg8 20. b3 g5 21. Nd2 (21. Nd4 {was called for.}) 21... Ne3 (21... Bc6 $142 {aiming for ...Ne3.} 22. Bg4 Kb8) 22. Qg3 Nf5 (22... d4 {And now ...Bc6 would win.} 23. Nxc4 g4 24. hxg4 Nxc4 25. bxc4 Qb6 26. cxd4 Qxd4) 23. Qe1 $1 Bc6 24. Bg4 Ng7 {[%emt 0:05:03] ...h5 would be deadly.} 25. Qe3 $2 (25. Bd1) 25... h5 26. Be2 {[%emt 0:01:17] [#]} g4 $1 27. Qxa7 (27. hxg4 hxg4) 27... gxh3 28. bxc4 Nf5 {[%emt 0:05:12] White must now prevent ...dxc4.} 29. Nf3 Rxg2 30. Rd1 Rxe2 31. cxd5 Bxd5 32. Rxd5 exd5 33. Qa8+ Qb8 34. Qa3 Rd8 (34... Ng3+ $142 35. Bxg3 Rxf3 36. Qc5+ Qc7 {[%mdl 64] Deflection} 37. Qg1 Qc4 38. Bf2 Qe4 39. Qg8+ Rf8+ {[%mdl 64] Discovered Attack} 40. Kg1 h2+ 41. Kxh2 Rxg8 42. Kh3 Qh1#) 35. Bf4 Re4 36. Bh2 h4 {[%emt 0:01:49] ( -> ...Ng3+)} 37. Bg1 Re2 38. Bh2 Ng3+ {[%emt 0:00:18] Weighted Error Value: White=0.95/Black=0.63} 0-1

[Event "Charlotte Open 2024"]
[Site "Charlotte"]
[Date "2024.01.15"]
[Round "6.17"]
[White "Parker, Anthony"]
[Black "Proleiko, Julian"]
[Result "1/2-1/2"]
[ECO "A03"]
[WhiteElo "1909"]
[BlackElo "2270"]
[Annotator "RC"]
[PlyCount "88"]
[EventDate "2024.01.05"]
[EventType "swiss"]
[EventCountry "USA"]
[SourceTitle "playchess.com"]
[Source "ChessBase"]
[SourceQuality "1"]
[TimeControl "6600+10"]

1. f4 c5 2. Nf3 Nf6 3. d3 d5 4. e3 Nc6 5. Be2 Bg4 6. O-O e6 7. h3 Bxf3 8. Bxf3 Be7 9. g4 d4 10. Bxc6+ bxc6 11. e4 c4 12. g5 Nd7 13. h4 cxd3 14. cxd3 h6 15. g6 fxg6 16. Qg4 O-O 17. Qxe6+ Kh7 18. Nd2 Nc5 19. Qh3 Bxh4 20. b4 Na4 21. Nf3 Bf6 22. Bd2 Nc3 23. Rf2 a5 24. Rh2 axb4 25. f5 g5 26. e5 Kg8 27. exf6 Qxf6 28. Qg4 c5 29. Bxc3 bxc3 30. a4 Qxf5 31. Qxf5 Rxf5 32. Ne1 Ra5 33. Re2 Kf7 34. Kg2 g4 35. Kg3 h5 36. Rb1 c4 37. Rb7+ Kf6 38. Ree7 g6 39. Kh4 Rae5 40. Rf7+ Ke6 41. Rfe7+ Kd6 42. Red7+ Ke6 43. Rf7 Rc5 44. Rfe7+ Kf6 1/2-1/2